 Dungeon Crawl Stone Soup version 0.25-a0-927-g39f137c8b7 (webtiles) character file.

Game seed: 4764887592133540682, levelgen mode: deterministic

79 Maedhros the Sneak (level 4, 0/28 HPs)
             Began as an Octopode Artificer on May 3, 2020.
             Slain by a quokka (4 damage)
             ... on level 5 of the Dungeon.
             The game lasted 00:03:14 (520 turns).

Maedhros the Sneak (Octopode Artificer)              Turns: 520, Time: 00:03:15

Health: 0/28       AC:  1    Str: 11    XL:     4   Next: 37%
Magic:  6/6        EV: 13    Int: 13    God:
Gold:   48         SH:  0    Dex: 13    Spells: 3/3 levels left

rFire    . . .     SeeInvis .   a - +0 short sword
rCold    . . .     Gourm    .   (no shield)
rNeg     . . .     Faith    .   (helmet restricted)
rPois    .         Spirit   .   (no amulet)
rElec    .         Reflect  .   (no ring)
rCorr    .         Harm     .   (no ring)
MR       .....                  (no ring)
Stlth    +++.......             (no ring)
HPRegen  0.09/turn              (no ring)
MPRegen  0.10/turn              (no ring)
                                (no ring)
                                (no ring)

@: no status effects
A: almost no armour, stealthy swim, amphibious, 8 rings, constrict 8, camouflage
1, gelatinous body 1
a: no special abilities


You were on level 5 of the Dungeon.
You were not hungry.

You visited 1 branch of the dungeon, and saw 5 of its levels.

You collected 48 gold pieces.

Inventory:

Hand Weapons
 a - a +0 short sword (weapon)
Wands
 b - a wand of flame (14)
 c - a wand of enslavement (13)
 d - a wand of random effects (7)
Scrolls
 e - 2 scrolls of identify {unknown}
 g - a scroll of amnesia {unknown}
 h - a scroll of teleportation {unknown}
 j - a scroll of magic mapping {unknown}
Potions
 i - a potion of heal wounds {unknown}
Comestibles
 f - 2 rations


   Skills:
 - Level 1.0 Fighting
 - Level 1.0 Short Blades
 - Level 2.0 Dodging
 - Level 4.0 Stealth
 + Level 2.8 Unarmed Combat
 - Level 3.2 Evocations


You had 3 spell levels left.
You didn't know any spells.
Your spell library was empty.

Dungeon Overview and Level Annotations

Branches:
Dungeon (5/15)
 Temple: D:4-7

Altars:

Annotations:
D:2 Sigmund
D:4 Duvessa, Ijyb


Innate Abilities, Weirdness & Mutations

You cannot wear most types of armour.
You are very stealthy in the water. (Stealth+)
You are amphibious.
You can wear up to eight rings at the same time.
You can use your tentacles to constrict eight enemies at once.
Your skin changes colour to match your surroundings (Stealth+).
Your rubbery body absorbs attacks. (AC +1, EV +1)


Message History

The bolt of poison misses the quokka.
The bolt of poison hits the gnoll!
You kill the gnoll!
Your Unarmed Combat skill increases to level 2!
You hit the worker ant but do no damage.
You grab the worker ant.
The worker ant is severely wounded.
You constrict the worker ant, but do no damage.
The worker ant bites you.
* * * LOW HITPOINT WARNING * * *
The quokka twitches its whiskers.
The worker ant closely misses you.
Evoke which item? (* to show all) (? for menu, Esc to quit)
Aiming: Throw Flame
Press: ? - help, Shift-Dir - straight line, f - worker ant
Aim: a worker ant (severely wounded, constricted by you)
The puff of flame hits the worker ant!
You kill the worker ant!
You have reached level 4!
The quokka bites you.
You die...

#...#.#######..#####.
###...#.#######..#
.?a.......g......#
####.#)########.# #.#
.# #.# .. #.# ###
#r###### #)@....#
######.#


You could see a quokka.

Vanquished Creatures
  A worker ant (D:5)
  A gnoll (D:5)
  2 adders (D:2)
  A dart slug (D:3)
  4 orcs (D:4)
  A ball python (D:2)
  2 giant cockroaches
  2 goblins (D:2)
  A hobgoblin (D:2)
  A kobold (D:3)
  A quokka (D:3)
  A bat (D:2)
  A frilled lizard (D:2)
19 creatures vanquished.

Vanquished Creatures (collateral kills)
  An ooze (D:4)
  2 orcs (D:4)
3 creatures vanquished.

Vanquished Creatures (others)
  A hound skeleton (D:5)
1 creature vanquished.

Grand Total: 23 creatures vanquished

Notes
Turn   | Place    | Note
-------+----------+-------------------------------------------
     0 | D:1      | Maedhros the Octopode Artificer began the quest for the
                  | Orb.
     0 | D:1      | Reached XP level 1. HP: 13/13 MP: 3/3
    56 | D:2      | Noticed Sigmund
   154 | D:2      | Reached skill level 2 in Stealth
   159 | D:2      | Reached skill level 3 in Stealth
   159 | D:2      | Reached XP level 2. HP: 3/18 MP: 4/4
   186 | D:2      | Reached skill level 4 in Stealth
   202 | D:2      | Reached XP level 3. HP: 7/23 MP: 5/5
   309 | D:3      | Reached skill level 1 in Unarmed Combat
   422 | D:4      | Noticed Dowan
   423 | D:4      | Noticed Duvessa
   423 | D:4      | Noticed an orc warrior
   443 | D:4      | Noticed Dowan
   443 | D:4      | Dowan changed into Dowan the ooze
   445 | D:4      | Killed Dowan the ooze
   449 | D:4      | Noticed Ijyb
   457 | D:5      | Entered Level 5 of the Dungeon
   520 | D:5      | Reached XP level 4. HP: 4/28 MP: 6/6
   520 | D:5      | Slain by a quokka

Levels and vault maps discovered:
D:1:      minmay_arrival_stone_box, layout_basic, minmay_door_square,
          minmay_split_cup_large
D:2:      layout_loops_cross, minmay_misc_feat_roman, minmay_mini_jars,
          uniq_sigmund
D:3:      layout_rooms, first_ration, grunt_ministairs_10,
          nemelex_lonely_heart_becter
D:4:      layout_basic, chequers_temple_overflow_minitemple, enter_ossuary_1,
          uniq_ijyb, uniq_duvessa
D:5:      layout_loops_ring, gammafunk_temple_overflow_pools, temple_hall

Skill      XL: |  1  2  3 |
---------------+----------+-----
Stealth        | 3 4 |  4.0
Unarmed Combat | 2 |  2.8
Fighting       | |  1.0
Short Blades   | |  1.0
Dodging        | |  2.0
Evocations     | |  3.2

Action                   |  1- 3 |  4- 6 || total
-------------------------+-------+-------++-------
Melee: Short sword       |    26 |       ||    26
       Constrict         |     8 |       ||     8
       Tentacles         |     5 |       ||     5
       Unarmed           |     1 |       ||     1
Evoke: Wand              |    10 |     1 ||    11
 Stab: Sleeping          |     7 |       ||     7
Armor: Skin              |     3 |       ||     3
Dodge: Dodged            |    15 |       ||    15

Table legend:
 A = Non-vault XP
 B = Vault XP
 C = Vault XP percentage of total XP
 D = Non-vault monster count
 E = Vault monster count
 F = Vault count percentage of total count
                 A         B        C        D         E       F
            +---------+---------+-------+---------+---------+-------
      Total |     101 |      12 |  10.6 |      16 |       6 |  27.3
            +---------+---------+-------+---------+---------+-------
        D:2 |      29 |       8 |  21.6 |       4 |       5 |  55.6
        D:3 |      10 |       0 |   0.0 |       4 |       0 |   0.0
        D:4 |      16 |       4 |  20.0 |       6 |       1 |  14.3
        D:5 |      46 |       0 |   0.0 |       2 |       0 |   0.0
            +---------+---------+-------+---------+---------+-------
